[Event "DPEM German Cup 2022"]
[Site "Magdeburg"]
[Date "2022.08.19"]
[Round "4.8"]
[White "Fuss, Klaus"]
[Black "Schroeder, Torsten"]
[Result "1-0"]
[ECO "A03"]
[WhiteElo "2044"]
[BlackElo "2173"]
[Annotator "NA RC"]
[PlyCount "57"]
[EventDate "2022.08.10"]
[EventType "k.o."]
[EventCountry "GER"]
[SourceTitle "playchess.com"]
[Source "ChessBase"]
[SourceQuality "1"]
[TimeControl "40/5400+30:900+30"]

1. f4 d5 2. Nf3 c5 3. g3 Nf6 4. Bg2 e6 5. d3 b6 6. O-O Bb7 7. e3 Nbd7 8. Qe2 Be7 9. Nc3 Rc8 10. e4 d4 11. Nd1 Qc7 12. Nf2 Ba6 13. c4 dxc3 14. bxc3 b5 15. Bd2 Nb6 16. Rac1 Na4 17. e5 Nd5 18. f5 Qb6 19. fxe6 fxe6 20. Ng5 Rc7 21. c4 Bxg5 22. Qh5+ g6 23. Qxg5 Ne7 24. Ne4 Rd7 25. Nf6+ Kd8 26. Nxd7 Kxd7 27. Rf7 Re8 28. Qf6 Nb2 29. Bg5 1-0

[Event "DPEM German Cup 2022"]
[Site "Magdeburg"]
[Date "2022.08.20"]
[Round "5.1"]
[White "Ehmann, Thilo"]
[Black "Mueer, Sebastian"]
[Result "1-0"]
[ECO "B81"]
[WhiteElo "2391"]
[BlackElo "2161"]
[Annotator "TA"]
[PlyCount "75"]
[EventDate "2022.08.10"]
[EventType "k.o."]
[EventCountry "GER"]
[SourceTitle "playchess.com"]
[Source "ChessBase"]
[SourceQuality "1"]
[TimeControl "40/5400+30:900+30"]

1. e4 c5 2. Nf3 d6 3. d4 cxd4 4. Nxd4 Nf6 5. Nc3 a6 6. h3 e6 7. g4 h6 8. Bg2 Qc7 9. h4 {[%emt 0:01:47] B81: Sicilian Scheveningen: Keres Attack.} g6 10. g5 hxg5 11. Bxg5 {[%emt 0:01:25] White is slightly better.} Nbd7 12. Qf3 (12. Qe2 $14) 12... Bg7 13. O-O-O {[%emt 0:00:37] [#]} Rb8 $146 ({Black should try} 13... Ne5 $11 14. Qe2 Nh5) ({Predecessor:} 13... O-O 14. h5 Ne5 15. Qh3 Nxh5 16. f4 Nc6 17. Nxc6 bxc6 18. Bf3 f6 19. Bxh5 fxg5 20. Bxg6 Rxf4 {½-½ (31) Mazur,S (2435)-Idrizaj,A (2231) Batumi 2019}) 14. Rhe1 (14. Qh3 $5 ) 14... O-O 15. Rh1 ({Better is} 15. Qh3) 15... b5 (15... Ne5 $11 16. Qh3 Nh5) 16. h5 $14 {[%emt 0:04:35] And now h6 would win.} Ne5 $1 17. Qg3 {[%emt 0:06:51] Hoping for h6.} Nxh5 18. Qh4 Re8 19. Kb1 {[%emt 0:08:50][%mdl 1024] White has strong compensation.} Bb7 20. Nce2 $1 Rbc8 21. Ng3 f6 22. Bc1 Qf7 $2 (22... Nxg3 $16 23. Qxg3 (23. fxg3 Qe7 $11) 23... f5) 23. f4 Nxg3 24. Qxg3 Nc6 25. f5 {[%emt 0:03:58] White is more active.} (25. Nb3 $16) 25... Nxd4 26. Rxd4 exf5 27. exf5 Re2 $2 (27... g5 $11) 28. Bxb7 $2 (28. fxg6 Qc7 29. Qb3+ d5 30. Bxd5+ Bxd5 31. Qxd5+ Kf8 32. c3) 28... Qxb7 $18 29. Rh2 (29. Qb3+ $1 $18 Kf8 30. fxg6 $1 Rexc2 31. Rxd6 $1) 29... Rcxc2 30. Rxe2 Rxe2 31. fxg6 f5 $2 (31... d5 $11) 32. Qb3+ ({Stronger than} 32. Rxd6 Qe4+ 33. Qd3 Qxd3+ 34. Rxd3 Bf6 $11) 32... Kf8 33. Rxd6 Qe4+ {[%emt 0:01:39] [#]} 34. Ka1 {[%emt 0:00:44] Chess con chili.} (34. Rd3 $1 $18 {[%csl Gg6][%cal Rb3f7] is the precise move to win.} Qc4 35. Rd8+ Re8 36. Qa3+ b4 37. Qa5 Qe4+ 38. Ka1) 34... Ke7 (34... Qc4 $16 35. Qd1 Re8) 35. Rd1 Qc4 {[%emt 0:00:01] [#] Inhibits Qf7+.} 36. Qf3 $2 (36. Qa3+ $1 $18 Kf6 37. Qxa6+ Re6 38. Qa7 Kxg6 39. Rg1+ Qg4 40. Rxg4+ fxg4 41. Qd7) 36... Ke6 $2 (36... f4 $16 37. Qa8 (37. Qg4 Re6 $16) 37... Bd4 38. Qxa6 Qd5 39. Qa3+ Kf6) 37. Qb7 {[%emt 0:01:16][%csl LRa6,LRg7] White wants to mate with Qb6+.} Qc2 38. Qf7+ {[%emt 0:00:28] Weighted Error Value: White=0.64/Black=0.43} 1-0

[Event "DPEM German Cup 2022"]
[Site "Magdeburg"]
[Date "2022.08.20"]
[Round "5.2"]
[White "Noetzel, Felix"]
[Black "Uphoff, Lennart"]
[Result "1-0"]
[ECO "C45"]
[WhiteElo "2124"]
[BlackElo "2173"]
[Annotator "TA"]
[PlyCount "55"]
[EventDate "2022.08.10"]
[EventType "k.o."]
[EventCountry "GER"]
[SourceTitle "playchess.com"]
[Source "ChessBase"]
[SourceQuality "1"]
[TimeControl "40/5400+30:900+30"]

1. e4 e5 2. Nf3 Nc6 3. d4 exd4 4. Nxd4 Nf6 5. Nxc6 bxc6 6. e5 Qe7 7. Qe2 Nd5 8. c4 Ba6 9. b3 g6 10. g3 Bg7 11. Bb2 O-O 12. Bg2 Rae8 13. O-O $1 Bxe5 {[%emt 0:01:09] C45: Scotch Game.} 14. Qxe5 Qxe5 15. Bxe5 Rxe5 {[%emt 0:00:06] The position is equal.} 16. cxd5 {[%emt 0:00:04] [#] Rd1 is the strong threat.} Bxf1 17. Kxf1 cxd5 18. Nc3 (18. f4 $5 Re3 19. Bxd5 $11) 18... c6 19. Rd1 {[%emt 0:00:04] 19.Rd1 scores better than 19.Na4.} f5 20. Ne2 Rfe8 21. Bf3 Kf7 22. Rd4 {[%emt 0:01:17][%mdl 1024] White has compensation.} Rb8 23. Ra4 Rb7 {[%emt 0:02:23] [#]} 24. Nf4 $146 ({Predecessor:} 24. b4 Re8 25. Nd4 Reb8 26. a3 Kf6 27. Nb3 Re8 28. Ra6 Ke7 29. Ke2 Kd6+ 30. Kd2 {1-0 (52) Szalontay,M (2066)-Pajeken,J (1703) Reykjavik 2014}) 24... Re8 {[%emt 0:02:56] [#]} (24... g5 $14 25. Nd3 Re7) 25. Nxd5 $1 $16 Re5 (25... a5 26. Ne3) 26. Nf4 {[%emt 0:07:22] White is more active.} Rc5 27. Nd3 Rc2 (27... Rcb5 $16 {might work better.} 28. Rh4 Kg7) 28. Ke1 {[%emt 0:01:18] Weighted Error Value: White=0.05 (flawless) /Black=0.39} 1-0

[Event "DPEM German Cup 2022"]
[Site "Magdeburg"]
[Date "2022.08.20"]
[Round "5.3"]
[White "Woelk, Tom-Frederic"]
[Black "Chassard, Cedric"]
[Result "1-0"]
[ECO "E20"]
[WhiteElo "2314"]
[BlackElo "2010"]
[Annotator "TA"]
[PlyCount "81"]
[EventDate "2022.08.10"]
[EventType "k.o."]
[EventCountry "GER"]
[SourceTitle "playchess.com"]
[Source "ChessBase"]
[SourceQuality "1"]
[TimeControl "40/5400+30:900+30"]

1. d4 Nf6 2. c4 e6 3. Nc3 Bb4 4. f3 c5 5. d5 b5 6. e4 {[%emt 0:00:04] E20: Nimzo-Indian: 4 g3 and 4 f3.} O-O {[%emt 0:00:15] 6...d6 gains popularity.} 7. Nh3 (7. cxb5 exd5 8. exd5 Re8+ 9. Kf2 d6 $15) 7... bxc4 8. Bxc4 {[%emt 0:00:05] The position is equal.} exd5 9. Bxd5 Nxd5 10. Qxd5 Ba6 11. Bf4 (11. Qxa8 Bxc3+ 12. bxc3 Qh4+ 13. Kd1 Nc6 14. Qxf8+ (14. Bg5 Qh5 $17) 14... Kxf8 $17) 11... Nc6 12. Kf2 Ba5 13. Rhd1 Nb4 14. Qd6 Bb6 15. Kg3 Nc2 16. Rac1 {[%emt 0:08:03] [#]} Ne3 $146 ({Predecessor:} 16... Nd4 17. Kf2 Re8 18. Na4 Ne2 19. Rc2 Nxf4 20. Nxf4 Bc7 21. Qxa6 Qh4+ 22. g3 Qxh2+ {0-1 (58) Bobkov,V (2341)-Drygalov,S (2500) Cheliabinsk 2021}) 17. Re1 $1 $16 {[%emt 0:05:59] Active counter play!} (17. Bxe3 $2 Bc7 18. Bxc5 Re8 $19) 17... Nc4 18. Qd3 Qf6 19. b3 $2 {[%emt 0:08:38] [#]} ({Only move:} 19. Nd5 $18 Qd4 20. Qxd4 cxd4 21. b3) 19... Bd8 20. Bg5 $1 $15 Bc7+ (20... Nb2 $1 $15 21. Qc2 (21. Qxd7 Qg6 $17) 21... Qg6 22. Qxb2 f6) 21. f4 $14 Nb2 (21... Qd4 $1 $14 22. Qxd4 cxd4) 22. Qd2 $36 {[%emt 0:10:32][%mdl 2048] Keeping Black busy.} ({But not} 22. Qxd7 Qd6 23. Qxd6 Bxd6 $16) 22... Bxf4+ 23. Qxf4 Qe6 24. Qf5 Nd3 25. Qxe6 ({White should play} 25. Red1) 25... dxe6 {[%emt 0:00:46] [#]} 26. Na4 (26. Nf2 $1 $16 {Hoping for Nxd3.} Nxe1 27. Rxe1) 26... c4 $14 {[%emt 0:02:20] [#]} 27. b4 $1 Nxe1 (27... Bb5 28. Nc3) 28. Rxe1 f6 (28... Bb5 $142 29. Nc3 Rfb8) 29. Be3 $16 Rfd8 30. Nc5 {[%emt 0:00:34][%csl LRa6,LRe6] Inhibits Rd3. Pair of Knights!} Bc8 31. Rc1 Bd7 32. Rxc4 a5 (32... Be8 $142 33. a4 (33. Nxe6 Rd3 $16) 33... e5) 33. bxa5 Bb5 34. Rb4 Bc6 (34... Be8 $142 35. a6 e5) 35. Rb6 $18 Bxe4 (35... Rdc8 $142 36. a6 (36. Nxe6 Rxa5 37. Nf2 Ra3 $16) 36... Rab8) 36. Nxe4 {[%emt 0:00:10] White is clearly winning.} Rxa5 37. Rxe6 Rxa2 38. Re7 {[%emt 0:00:33] aiming for Nf4.} h5 (38... Raa8 $142 39. Kf3 Re8) 39. Nf4 h4+ 40. Kf3 Rc8 41. Nh5 {[%emt 0:00:35] Weighted Error Value: White=0.24 (precise) /Black=0.39} 1-0

[Event "DPEM German Cup 2022"]
[Site "Magdeburg"]
[Date "2022.08.20"]
[Round "5.4"]
[White "Malinowsky, Levi"]
[Black "Tiarks, Jann-Christian"]
[Result "1/2-1/2"]
[ECO "B11"]
[WhiteElo "1814"]
[BlackElo "2196"]
[Annotator "TA"]
[PlyCount "61"]
[EventDate "2022.08.10"]
[EventType "k.o."]
[EventCountry "GER"]
[SourceTitle "playchess.com"]
[Source "ChessBase"]
[SourceQuality "1"]
[TimeControl "40/5400+30:900+30"]

1. e4 c6 2. Nc3 d5 3. Nf3 Bg4 4. h3 Bxf3 5. Qxf3 e6 6. d4 dxe4 7. Qxe4 {[%emt 0:00:39] B11: Caro-Kann: Two Knights Variation.} Nf6 8. Qd3 Nbd7 9. Bf4 {[%emt 0:03:03] White has an edge.} Qa5 10. Bd2 {[%emt 0:04:12] [#]} Qb6 $146 ({Predecessor:} 10... Qc7 11. Be2 Bd6 12. O-O-O O-O-O 13. Be3 Nb6 14. Ne4 Nxe4 15. Qxe4 Nd5 16. Rhe1 Qa5 17. Kb1 Bb4 18. Rf1 Qb6 19. Rd3 {0-1 (59) Batory,L (1692)-Kaplan,J (1916) Sv Filip i Jakov 2018}) 11. O-O-O O-O-O 12. Bf4 {[%emt 0:02:56] Inhibits Ne5.} Bb4 13. Na4 Qa5 14. Qb3 Ne4 (14... Nd5 $5 15. Bg5 f6 $15) 15. c3 (15. Be3 $11) 15... Be7 ({Black should try} 15... Bd6 $15 16. Bxd6 Nxd6) 16. Qc2 $1 $11 Nxf2 17. b4 $16 Bxb4 18. cxb4 Qxb4 19. Ba6 $2 {[%emt 0:12:07] [#]} (19. Qxf2 $16 Qxa4 20. Qc2) 19... c5 $1 20. Qxf2 $14 {[%emt 0:02:51][%cal Of2f3] Dancing on a razor blade.} Qxa4 21. Be2 {[%emt 0:02:34] White is more active.} (21. Bd3 $14) 21... Qxa2 {[%emt 0:01:20] The position is equal.} 22. dxc5 Qa1+ 23. Kc2 Qa4+ 24. Kb2 Qb4+ 25. Ka2 Qa4+ 26. Kb2 {[%emt 0:00:11] [#] Threatens to win with Rd3.} Qb4+ 27. Ka2 Qa4+ 28. Kb2 {[%emt 0:00:11] Black must now prevent Rd4.} Qb4+ 29. Ka2 Qa4+ 30. Kb2 {[%emt 0:00:07] aiming for Rd4.} Qb4+ 31. Ka2 {[%emt 0:00:06] Weighted Error Value: White=0.24 (precise) /Black=0.26 (precise)} 1/2-1/2

[Event "DPEM German Cup 2022"]
[Site "Magdeburg"]
[Date "2022.08.20"]
[Round "5.5"]
[White "Kist, Eike Andreas"]
[Black "Foerster, Erik"]
[Result "0-1"]
[ECO "B22"]
[WhiteElo "1697"]
[BlackElo "2109"]
[Annotator "TA"]
[PlyCount "149"]
[EventDate "2022.08.10"]
[EventType "k.o."]
[EventCountry "GER"]
[SourceTitle "playchess.com"]
[Source "ChessBase"]
[SourceQuality "1"]
[TimeControl "40/5400+30:900+30"]

1. e4 e6 2. d4 d5 3. Nd2 c5 4. Ngf3 Nc6 5. exd5 exd5 6. Be2 Nf6 7. O-O Be7 8. dxc5 Bxc5 9. Nb3 Bb6 10. c3 O-O 11. Bf4 {[%emt 0:10:04] B22: Sicilian: 2 c3.} Ne4 12. Nfd4 Qf6 {[%emt 0:01:27] [#]} 13. Bg3 $146 {[%emt 0:01:49] The position is equal.} ({Predecessor:} 13. Be3 Re8 14. Bb5 Bc7 15. Qf3 Qg6 16. h3 Ne5 17. Qe2 Bxh3 18. f4 Ng3 19. Qf2 Nxf1 20. Bxe8 Nxe3 21. fxe5 Rxe8 22. g3 Ng4 {0-1 (22) Sebesta,J (1806)-Kubos,R (2157) Bohumin 2019}) 13... g6 14. Qd3 (14. a4 $11) 14... h5 $15 {[%emt 0:05:35] Strongly threatening ...h4.} 15. h4 (15. Qf3 $142) 15... Re8 $17 16. Bf3 Ne5 {[%emt 0:07:58] Black is more active.} (16... Nxg3 $17 17. fxg3 Qd6) 17. Bxe5 $15 Qxe5 18. Bxe4 dxe4 19. Qb5 Qe7 ({Black should try} 19... Qxb5 $17 20. Nxb5 e3) 20. g3 (20. Rfe1 $15) 20... Bg4 21. Rfe1 Qf6 22. Nc5 $2 ({Better is} 22. Qd5 $15) 22... a6 23. Nd7 Bxd7 (23... axb5 24. Nxf6+ Kg7 25. Nxe8+ Rxe8 26. Nxb5 $18) (23... Qxf2+ $2 24. Kxf2 Bxd4+ 25. cxd4 $18) (23... Qxd4 $142 24. cxd4 axb5 25. Nxb6 Rad8) 24. Qxd7 $19 Re7 (24... Rad8 $19 25. Qxb7 Re7 26. Qxa6 Bxd4 27. Qxf6 Bxf6) 25. Qa4 Bxd4 (25... e3 $17 26. Qc2 (26. Rxe3 $2 Rxe3 27. fxe3 Qe5 $19) (26. fxe3 $2 Qe5 $19) 26... Bxd4 27. cxd4 Qxd4 28. fxe3 Rxe3 29. Rxe3 Qxe3+ 30. Qf2 Qe6) 26. Qxd4 $11 Qxd4 27. cxd4 $17 {[%emt 0:00:07][%mdl 4096] Endgame KRR-KRR} Rd8 28. Rad1 f5 29. f3 Kf7 30. fxe4 Rxe4 31. Rxe4 fxe4 $11 {[%emt 0:00:02] KR-KR} 32. Kf2 Rc8 {[%emt 0:01:48] [#]} (32... Ke6 $11) 33. Ke3 (33. Re1 $1 $16) 33... Ke6 $1 ({Don't play} 33... Rc2 34. Rd2 (34. Kxe4 Rxb2 35. Rf1+ Ke6 $11) 34... Rc6 35. Rf2+ (35. Kxe4 Re6+ 36. Kd5 Ke7 $16) 35... Ke7 36. Kxe4 $16) 34. Rd2 Kd5 {[%emt 0:01:08] And now ...Rf8 would win.} 35. Rf2 {[%emt 0:00:08] Inhibits Rf8.} Rc1 36. Rf6 Re1+ 37. Kd2 Rg1 38. Rxg6 Kxd4 39. Rd6+ Kc5 40. Re6 (40. Rg6 $1 $11 {remains equal.}) 40... Rg2+ $17 ({Of course not} 40... Rxg3 $6 41. Rxe4 Kd6 42. Rd4+ Ke5 43. Rb4 $11) 41. Ke3 Rxg3+ 42. Kxe4 Rg4+ 43. Kd3 Rxh4 44. Rh6 (44. Re7 $17) 44... a5 (44... Rh3+ $19 45. Kd2 h4) 45. b3 $2 (45. a4 $17 {was worth a try.}) 45... b5 $19 46. Kc3 Rh3+ 47. Kb2 Kb4 48. a3+ Kc5 {[%emt 0:00:00] Hoping for ...Rh2+.} 49. Rh8 Rh2+ $2 (49... h4 $19 {aiming for ...Rh2+.} 50. Kc2 a4 51. bxa4 bxa4 52. Rc8+ Kd5 53. Rd8+ Ke4) 50. Kc3 $15 b4+ (50... a4 $1 $15 51. Rc8+ Kd5 52. bxa4 bxa4) 51. axb4+ $11 axb4+ 52. Kd3 Rh3+ 53. Kc2 $1 Kd4 54. Rd8+ $1 Ke5 55. Rb8 $1 Rh4 56. Kd3 Rd4+ 57. Ke3 Re4+ 58. Kd3 {[%emt 0:00:00] Re8+ would kill now.} Rh4 59. Rb7 Kd5 60. Rb8 Kc5 ({Much worse is} 60... Rh3+ $6 61. Kc2 $17) 61. Rh8 Rd4+ 62. Ke3 {[%emt 0:01:07] Intending Rc8+ and mate.} Rd5 (62... Rh4 $5 ) 63. Ke4 {[%emt 0:00:38] White wants to mate with Rc8+.} Rg5 64. Rh6 $2 {[%emt 0:01:46][%mdl 8192] [#]} (64. Rc8+ $11 Kd6 65. Rd8+ Ke6 66. Rh8) 64... Rg4+ $1 $19 65. Kd3 h4 $2 (65... Rg3+ $19 66. Kd2 Rh3) 66. Rh5+ $1 $11 Kd6 67. Ke3 Rg3+ 68. Kd4 Rg4+ 69. Ke3 Ke6 70. Kf3 $2 (70. Ke2 $15) 70... Rg3+ $19 {[%emt 0:00:34] Black is clearly winning.} 71. Ke4 h3 72. Kd4 Rc3 73. Rb5 Rxb3 {[%emt 0:00:20] ( -> ...Rg3)} 74. Kc4 Rb2 {[%emt 0:00:03] White must now prevent ...Kf6.} 75. Kd4 {[%emt 0:03:05] Weighted Error Value: White=0.33/Black=0.29 (precise)} 0-1

[Event "DPEM German Cup 2022"]
[Site "Magdeburg"]
[Date "2022.08.20"]
[Round "5.6"]
[White "Bosselmann, Tom Linus"]
[Black "Puerckhauer, Soeren"]
[Result "0-1"]
[ECO "A52"]
[WhiteElo "2041"]
[BlackElo "2158"]
[Annotator "TA"]
[PlyCount "90"]
[EventDate "2022.08.10"]
[EventType "k.o."]
[EventCountry "GER"]
[SourceTitle "playchess.com"]
[Source "ChessBase"]
[SourceQuality "1"]
[TimeControl "40/5400+30:900+30"]

1. d4 Nf6 2. c4 e5 3. dxe5 Ng4 4. e3 Nxe5 5. Nh3 Bb4+ 6. Bd2 Bxd2+ 7. Qxd2 d6 8. Nf4 Be6 {[%emt 0:08:48] A52: Budapest Gambit.} 9. Nxe6 fxe6 10. Nc3 {[%emt 0:00:23] [#]} Nbd7 $146 {[%emt 0:05:44] White is slightly better.} ({Predecessor:} 10... Nbc6 11. O-O-O Qe7 12. f4 Nd7 13. Be2 Nb6 14. Kb1 O-O-O 15. g3 d5 16. cxd5 exd5 17. Rhe1 Qf6 18. Bf3 d4 19. Ne4 dxe3 20. Qxe3 Rxd1+ 21. Rxd1 Qxb2+ 22. Kxb2 Nc4+ {½-½ (22) Semcesen,D (2473)-Olsen,A (2056) Odense 2013}) 11. O-O-O Nc5 12. f4 Nc6 13. Be2 Qd7 14. Bh5+ g6 15. Bf3 O-O-O 16. Nb5 Kb8 17. b4 (17. Nd4 $1 $14) 17... Na4 $11 18. Qc2 Nb6 {[%emt 0:00:15] Pair of Knights!} 19. Qb3 d5 20. Na3 (20. c5 $5 Nc4 21. Na3 $11) 20... Qg7 21. c5 Nc8 (21... Nd7 $5 ) 22. Nc2 N8e7 23. Qa3 a6 24. Qb2 Qxb2+ 25. Kxb2 h6 26. g3 e5 27. Bg4 (27. a4 {with more complications.} g5 28. b5 Na5 29. fxe5 Nc4+ 30. Kc3) 27... d4 28. exd4 exd4 29. Rd3 g5 30. fxg5 (30. Rhd1 $11) 30... hxg5 31. Be2 {[%emt 0:01:30] [#]} Ng6 $1 {[%emt 0:01:35] White must now prevent ...Nge5.} 32. Rb3 (32. Rd2 $142) 32... Nge5 $17 {[%emt 0:00:43] Hoping for ...d3.} 33. Ne1 {[%emt 0:00:02] Prevents d3.} Rdf8 ({Black should play} 33... a5 $19 {...Rhf8 is the strong threat.} 34. bxa5 Nxa5) 34. Nf3 {[%emt 0:01:04] Loses the game.} (34. Nd3 $17) 34... g4 $19 35. Nxe5 Nxe5 36. Kb1 Rf2 37. Bd3 Rhxh2 ({Avoid the trap} 37... Rfxh2 $2 38. Rxh2 Rxh2 39. Be4 $19) 38. Rxh2 Rxh2 {[%emt 0:00:14][%mdl 4096] Endgame KRB-KRN} 39. Bf5 Rf2 40. Be6 d3 {[%emt 0:01:23] [#] Threatens to win with ...Rf1+.} 41. Rc3 Rf3 {[%emt 0:18:23] Strongly threatening ...d2. Black is clearly winning.} 42. Kc1 (42. Rc1 $142 Rxg3 43. Re1) 42... Rxg3 43. Bd5 Re3 44. Kd2 Re2+ 45. Kd1 g3 {[%emt 0:00:00] Weighted Error Value: White=0.38/Black=0.12 (very precise)} 0-1

[Event "DPEM German Cup 2022"]
[Site "Magdeburg"]
[Date "2022.08.20"]
[Round "5.7"]
[White "Heinrich, Julius Tobias"]
[Black "Fuss, Klaus"]
[Result "1-0"]
[ECO "B22"]
[WhiteElo "2074"]
[BlackElo "2044"]
[Annotator "NA RC"]
[PlyCount "61"]
[EventDate "2022.08.10"]
[EventType "k.o."]
[EventCountry "GER"]
[SourceTitle "playchess.com"]
[Source "ChessBase"]
[SourceQuality "1"]
[TimeControl "40/5400+30:900+30"]

1. e4 c5 2. c3 Nf6 3. e5 Nd5 4. d4 cxd4 5. cxd4 e6 6. Nc3 Nxc3 7. bxc3 d6 8. Nf3 Nd7 9. exd6 Bxd6 10. Bd3 Qc7 11. Qc2 b6 12. Ng5 Nf6 13. f4 Bxf4 14. Bb5+ Ke7 15. O-O Bxh2+ 16. Kh1 Bb7 17. d5 Bxd5 18. c4 h6 19. Ba3+ Bd6 20. Nxf7 Kxf7 21. Bxd6 Qxd6 22. cxd5 exd5 23. Rad1 Rhc8 24. Qh7 Qg3 25. Rxd5 Qh4+ 26. Kg1 Rc5 27. Rd7+ Ke6 28. Qxg7 Nxd7 29. Qxd7+ Ke5 30. Rf5+ Ke4 31. Qd3# 1-0

[Event "DPEM German Cup 2022"]
[Site "Magdeburg"]
[Date "2022.08.20"]
[Round "5.8"]
[White "Schroeder, Christoph"]
[Black "Brunke, Pascal"]
[Result "1/2-1/2"]
[ECO "C11"]
[WhiteElo "2141"]
[BlackElo "2022"]
[Annotator "TA"]
[PlyCount "80"]
[EventDate "2022.08.10"]
[EventType "k.o."]
[EventCountry "GER"]
[SourceTitle "playchess.com"]
[Source "ChessBase"]
[SourceQuality "1"]
[TimeControl "40/5400+30:900+30"]

1. e4 e6 2. d4 d5 3. Nc3 Nf6 4. e5 Nfd7 5. Nf3 c5 6. Bg5 Qb6 {[%emt 0:00:59] C11: French: Classical System: 4 e5 and 4 Bg5 dxe4.} 7. dxc5 Bxc5 8. Qd2 (8. Bb5 Bxf2+ 9. Kf1 a6 $17) 8... Nc6 {[%emt 0:01:00][%cal Oc5f2] White must now prevent ...Bxf2+! Black is better.} (8... Qxb2 9. Rb1 Qa3 10. Nb5 Qxa2 11. Nc7+ Kf8 12. Rc1 $16) 9. O-O-O Bxf2 10. Na4 Qb4 11. Qxf2 {[%emt 0:00:18] [#] And now Nc3 would win.} Qxa4 12. Kb1 O-O (12... Ncxe5 $2 13. Nxe5 O-O 14. Nxd7 Qxd7 15. Bd3 $18) ({But not} 12... Nb4 13. a3 Nc6 14. Qg3 $14) 13. b3 {[%emt 0:04:10] [#]} Qa5 $146 ({Predecessor:} 13... Qb4) 14. Qg3 Ndxe5 15. Nxe5 Nxe5 16. Qxe5 f6 17. Bxf6 gxf6 18. Qh5 Qc7 ({Don't take} 18... e5 {[#]} 19. Rxd5 $1 Qc7 20. Bd3 $14) 19. c4 dxc4 20. Bxc4 Kh8 21. Rd3 b5 (21... e5 $15) 22. Bxb5 $11 Bb7 {[%emt 0:00:50] aiming for ...Be4.} 23. Rc1 Qf4 {[%emt 0:04:03] Hoping for ...Be4.} 24. Rd7 (24. g3 $5 Qe4 25. Kb2 $14) 24... Be4+ 25. Bd3 Bxd3+ 26. Rxd3 Rac8 {[%emt 0:05:24][%csl Gc8][%cal Rf4c1] Inhibits Rc4.} 27. Rcd1 {[%emt 0:04:38] Active counter play!} Rc7 28. Qf3 Qe5 29. Rd8 Rxd8 {[%emt 0:01:06] The position is equal.} 30. Rxd8+ {[%emt 0:00:02][%mdl 4096] Endgame KQR-KQR} Kg7 31. Qg4+ Qg5 32. Qxg5+ fxg5 {[%emt 0:00:02] KR-KR} 33. Rd2 e5 34. Rc2 Rd7 35. Kc1 Kf6 36. Rd2 Rc7+ 37. Kd1 Ke6 38. Rd8 e4 39. Kd2 Ke5 40. Re8+ Kd4 {[%emt 0:01:36] Weighted Error Value: White=0.07 (flawless) /Black=0.11 (very precise)} 1/2-1/2